 Dungeon Crawl Stone Soup version 0.24-a0-189-g5d897e9 (webtiles) character file.

Game seed: 13219401291906538641

92453 Lanoc the Impaler (level 15, -18/134 HPs)
             Began as a Yellow Draconian Warper on Mar 17, 2019.
             Was the Champion of Ashenzari.
             Demolished by a two-headed ogre
             ... wielding a +0 giant club
              (22 damage)
             ... while paralysed by an ogre mage
             ... on level 1 of the Orcish Mines.
             The game lasted 01:52:26 (33502 turns).

Lanoc the Impaler (Yellow Draconian Warper)        Turns: 33502, Time: 01:52:26

Health: -18/134    AC: 16    Str: 16    XL:     15   Next: 57%
Magic:  22/22      EV:  2    Int: 17    God:    Ashenzari [******]
Gold:   2142       SH:  0    Dex: 14    Spells: 7/24 levels left

rFire    . . .     SeeInvis +   c - +3 glaive (venom) (curse)
rCold    + + +     Gourm    .   (shield currently unavailable)
rNeg     + . .     Faith    .   (armour unavailable)
rPois    +         Spirit   .   (helmet restricted)
rElec    .         Reflect  .   b - scarf {cloud immunity} (curse)
rCorr    +         Harm     .   L - +0 pair of gloves of Tylarick {+Fly rC+++ Str+3 Dex-2} (curse)
MR       +....     Clarity  +   A - +0 pair of boots (curse)
Stlth    +.........             w - amulet of the acrobat (curse)
HPRegen  0.32/turn              E - +5 ring of protection
MPRegen  0.18/turn              F - ring "Otynoem" {rPois rN+} (curse)

@: paralysed, short of breath, flying
A: spit acid, unfitting armour, big wings, agile 1, acidic bite, cold-blooded,
acid resistance, AC +9
a: Breathe Acid, Stop Flying, Curse Item, Scrying, Transfer Knowledge, Renounce
Religion


You were on level 1 of the Orcish Mines.
You worshipped Ashenzari.
Ashenzari was exalted by your worship.
You were not hungry.

You visited 4 branches of the dungeon, and saw 24 of its levels.
You also visited: Sewer, Gauntlet and Volcano.

You collected 2226 gold pieces.
You spent 84 gold pieces at shops.

Inventory:

Hand Weapons
 c - a cursed +3 glaive of venom (weapon)
 s - a +1 vampiric glaive
 T - a +0 bardiche
Missiles
 J - 2 throwing nets (quivered)
Armour
 b - a cursed scarf of cloud immunity (worn)
 l - a scarf of resistance
 A - a cursed +0 pair of boots (worn)
 L - the cursed +0 pair of gloves of Tylarick (worn) {+Fly rC+++ Str+3 Dex-2}
   (You found it on level 9 of the Dungeon)

   It affects your strength (+3).
   It affects your dexterity (-2).
   It renders you almost immune to cold.
   It lets you fly.
   It has a curse placed upon it.
Jewellery
 h - an uncursed ring of protection from fire
 w - a cursed amulet of the acrobat (around neck)
 D - the ring of Hyotzaso {rPois Str+4 Int+3}
   (You took it off a minotaur in a Gauntlet)

   [ring of intelligence]

   It affects your strength (+4).
   It affects your intelligence (+3).
   It protects you from poison.
 E - a +5 ring of protection (left hand)
 F - the cursed ring "Otynoem" (right hand) {rPois rN+}
   (You took it off a centaur on level 8 of the Dungeon)

   [ring of positive energy]

   It protects you from poison.
   It protects you from negative energy.
   It has a curse placed upon it.
 S - a +4 ring of slaying
Wands
 y - a wand of clouds (3)
 C - a wand of iceblast (8)
 K - a wand of acid (19)
 M - a wand of digging (2)
 R - a wand of scattershot (7)
Scrolls
 a - 7 scrolls of teleportation
 d - a scroll of fog
 g - 4 scrolls of enchant armour
 j - 9 scrolls of remove curse
 k - a scroll of blinking
 m - 9 scrolls of amnesia
 p - 8 scrolls of identify
 v - 2 scrolls of fear
 z - 2 scrolls of immolation
 B - 3 scrolls of magic mapping
 P - 2 scrolls of enchant weapon
 U - a scroll of holy word
 X - a scroll of summoning
 Z - a scroll of silence
Potions
 e - 3 potions of flight
 n - 8 potions of brilliance
 o - 3 potions of might
 q - 5 potions of lignification
 r - 4 potions of agility
 t - a potion of cancellation
 u - 2 potions of mutation
 x - 6 potions of curing
 G - 2 potions of magic
 H - 3 potions of berserk rage
 I - a potion of heal wounds
 O - 5 potions of haste
 V - a potion of invisibility
 W - 3 potions of resistance
Miscellaneous
 Y - 2 phantom mirrors
Comestibles
 f - 34 rations
 i - 29 chunks of flesh


   Skills:
 + Level 12.7 Fighting
 * Level 15.9(21.0) Polearms
 - Level 0.8 Throwing
 + Level 11.0(13.7) Dodging
 - Level 5.0 Spellcasting
 + Level 9.7(12.6) Conjurations
 + Level 12.6(15.2) Translocations


You had 7 spell levels left.
You knew the following spells:

 Your Spells              Type           Power        Failure   Level  Hunger
a - Blink                 Tloc           N/A          1%          2    #......
b - Passage of Golubria   Tloc           N/A          1%          4    ####...
c - Gell's Gravitas       Tloc           ######....   1%          3    ###....
d - Force Lance           Conj/Tloc      ######..     1%          4    ####...
e - Iskenderun's Mystic   Conj           #####...     1%          4    ####...

Your spell library contained the following spells:

 Spells                   Type           Power        Failure   Level  Hunger
 Magic Dart               Conj           ####         1%          1    None
 Searing Ray              Conj           #####.       1%          2    #......
 Shroud of Golubria       Chrm/Tloc      ####......   1%          2    #......
 Lesser Beckoning         Tloc           ######....   1%          3    ###....
 Portal Projectile        Hex/Tloc       ####..       1%          3    ###....
 Recall                   Summ/Tloc      N/A          1%          3    ###....
 Teleport Other           Tloc           ######..     1%          3    ###....
 Dazzling Spray           Conj/Hex       ####..       3%          3    ###....
 Fulminant Prism          Conj/Hex       ####......   10%         4    ####...
 Confusing Touch          Hex            #.....       12%         1    None
 Corona                   Hex            #......      12%         1    None
 Corpse Rot               Necr           N/A          19%         2    #......
 Slow                     Hex            #.......     19%         2    #......
 Sublimation of Blood     Necr           #.........   19%         2    #......
 Bolt of Draining         Conj/Necr      ####......   26%         5    ######.
 Confuse                  Hex            #.......     36%         3    ###....
 Inner Flame              Hex/Fire       #.......     36%         3    ###....
 Animate Dead             Necr           N/A          75%         4    ####...
 Petrify                  Tmut/Erth      #.......     75%         4    ####...
 Cause Fear               Hex            #.........   77%         4    ####...
 Leda's Liquefaction      Hex/Erth       #.........   77%         4    ####...
 Agony                    Necr           #.......     97%         5    ######.
 Borgnjor's Vile Clutch   Necr/Erth      #.........   97%         5    ######.
 Dispel Undead            Necr           #.......     97%         5    ######.
 Excruciating Wounds      Chrm/Necr      #.........   98%         5    ######.
 Metabolic Englaciation   Hex/Ice        #.........   98%         5    ######.
 Yara's Violent Unravell  Hex/Tmut       #.........   98%         5    ######.
 Death Channel            Necr           #.........   100%        6    #######
 Simulacrum               Ice/Necr       #.........   100%        6    #######


Dungeon Overview and Level Annotations

Branches:
Dungeon (15/15)            Temple (1/1) D:6            Lair (6/6) D:8
  Swamp (0/4) Lair:3        Snake (0/4) Lair:3        Slime (0/5) Lair:5
    Orc (2/2) D:11         Vaults (0/5) D:13         Depths (0/5) D:15
    Elf: Orc:2

Altars:
Ashenzari
Dithmenos
Fedhas
Gozag
Okawaru
Ru
Sif Muna
Wu Jian
Xom
Yredelemnul
Zin

Shops:
D:6 %   D:7 (?   D:13 [   D:15 (([

Portals:
Trove: D:15 (give 19 potions of curing)

Annotations:
D:15 trove 19 pots of curing


Innate Abilities, Weirdness & Mutations

You can spit globs of acid.
Your golden yellow scales are hard. (AC +9)
You cannot fit into any form of body armour.
You have acidic saliva.
You are cold-blooded and may be slowed by cold attacks.
You are resistant to acid. (rCorr)
Your large and strong wings let you fly indefinitely.
You are agile. (Dex +2)


Message History

The two-headed ogre is severely wounded.
An ogre comes into view. It is wielding a +0 giant club.
The ogre mage casts a spell at you.
You suddenly lose the ability to move!
The ogre mage gestures wildly while chanting.
The ogre mage seems to speed up.
An ogre comes into view. It is wielding a +0 giant club.
The two-headed ogre hits you with a +0 giant spiked club!!
The two-headed ogre hits you with a +0 giant club!
The two-headed ogre hits you with a +0 giant spiked club!!
* * * LOW HITPOINT WARNING * * *
The two-headed ogre hits you with a +0 giant club!
* * * LOW HITPOINT WARNING * * *
The two-headed ogre hits you with a +0 giant club.
* * * LOW HITPOINT WARNING * * *
The two-headed ogre hits you with a cursed -2 giant club!
* * * LOW HITPOINT WARNING * * *
A two-headed ogre comes into view. It is wielding two +0 giant clubs.
The two-headed ogre hits you with a +0 giant club!!
You die...

***##..............#,,* ,
##...............*,∆∆∆* **
###..........>...# ,∆ ,∆* **
.##).............#*∆∆ ,,∆* ,
..)....).........## , ∆* , ,
.##[#.............#∆ ∆,,* *
#####.......>)....##* ** **
,
#.............O.#####O,,,,,
...............@O.O...OO ,,,
................O...O...,,
,,*
......................... ,,
......................... ,
*............#.#.........,,,
* ,,.......................
,, ,* , ,............###..,
,,* ,,, ,,,.....#.......
,,., ** *,, , ,
....#......... ,, , ,*


You could see 5 two-headed ogres and an ogre mage.

Vanquished Creatures
  An orc warlord (D:11)
  A red draconian (Volcano)
  6 dire elephants (Lair:6)
  A minotaur (Gauntlet)
  A death ooze (Gauntlet)
  A hell beast (Gauntlet)
  12 hydras
  An anaconda (Lair:6)
  2 catoblepae
  5 centaur warriors
  2 dancing weapons (D:13)
  An ogre mage (Volcano)
  11 two-headed ogres
  4 tengu warriors
  4 skeletal warriors
  An ugly thing (D:12)
  2 orc sorcerers (D:11)
  4 oklob plants (Lair:1)
  3 manticores
  2 cyclopes
  19 elephants
  4 black mambas
  A rust devil (Gauntlet)
  13 spiny frogs
  2 efreet
  3 rime drakes
  6 komodo dragons
  A guardian mummy (D:15)
  9 trolls
  3 tengu conjurers (D:14)
  3 polar bears
  23 blink frogs
  Prince Ribbit (Lair:1)
  7 slime creatures
  A dream sheep (Lair:3)
  12 hippogriffs
  A ynoxinul (Gauntlet)
  4 water elementals
  A shadow (D:13)
  22 yaks
  A wraith (D:12)
  3 wyverns
  A vampire (D:15)
  4 basilisks
  5 vampire mosquitoes (Lair:3)
  Eustachio (D:6)
  2 steam dragons
  A hungry ghost (D:11)
  A warg (Orc:2)
  An acid dragon (D:13)
  A floating eye (Lair:1)
  4 hell hounds
  12 water moccasins
  11 porcupines
  Duvessa (D:4)
  5 ice beasts
  5 sky beasts
  2 black bears
  11 orc warriors
  13 ogres
  2 phantoms (D:11)
  2 necrophages
  5 wolves (Lair:5)
  38 centaurs
  8 crocodiles
  4 big kobolds
  19 bullfrogs
  A gnoll sergeant (D:8)
  Dowan (D:4)
  4 scorpions
  2 troll zombies (D:11)
  13 killer bees
  3 howler monkeys
  2 electric eels
  7 crimson imps
  4 centaur zombies
  A bullfrog zombie (D:9)
  4 jellies
  12 orc priests
  6 centaur skeletons
  7 hounds
  3 iron imps (Gauntlet)
  2 bullfrog skeletons
  2 iguanas
  Terence (D:3)
  18 orc wizards
  Natasha (thrice) (D:3)
  13 worker ants
  4 ogre zombies (D:11)
  A hound zombie (D:5)
  A hound skeleton (D:8)
  A killer bee simulacrum (D:9)
  A worker ant zombie (D:10)
  15 adders
  14 gnolls
  2 howler monkey skeletons
  3 river rats
  2 white imps (D:9)
  An adder skeleton (D:3)
  An adder zombie (D:8)
  4 worms
  2 dart slugs
  2 adder simulacra (D:9)
  5 leopard geckos
  61 orcs
  5 bats
  8 giant cockroaches
  8 goblins
  14 hobgoblins
  14 jackals
  30 kobolds
  6 quokkas
  6 ball pythons
  A ball python skeleton (D:4)
  6 frilled lizards
  3 goblin zombies (D:11)
  A hobgoblin skeleton (D:11)
  2 hobgoblin zombies (D:11)
  2 jackal skeletons (D:4)
  A leopard gecko skeleton (D:2)
  2 orc skeletons (D:11)
  11 orc zombies (D:11)
  A quokka skeleton (D:5)
  26 rats
  2 plants
742 creatures vanquished.

Vanquished Creatures (others)
  A lindwurm (Lair:3)
  An orc wizard (D:4)
  An orc (D:11)
  10 fungi
  14 plants
  12 toadstools (Lair:3)
39 creatures vanquished.

Grand Total: 781 creatures vanquished

Notes
Turn   | Place    | Note
-------+----------+-------------------------------------------
     0 | D:1      | Lanoc the Draconian Warper began the quest for the Orb.
     0 | D:1      | Reached XP level 1. HP: 17/17 MP: 3/3
   207 | D:1      | Reached XP level 2. HP: 25/25 MP: 5/5
   365 | D:1      | Learned a level 2 spell: Blink
   597 | D:2      | Found a basalt altar of Yredelemnul.
   616 | D:2      | Reached XP level 3. HP: 20/30 MP: 6/6
  1557 | D:3      | Reached skill level 3 in Polearms
  1735 | D:3      | Reached XP level 4. HP: 37/37 MP: 7/7
  1743 | D:3      | Noticed Natasha
  1762 | D:3      | Killed Natasha
  1787 | D:3      | Found a shattered altar of Ashenzari.
  1819 | D:3      | Became a worshipper of Ashenzari the Shackled
  1861 | D:3      | Noticed Natasha
  1874 | D:3      | Killed Natasha
  1947 | D:3      | Reached XP level 5. HP: 12/44 MP: 8/8
  1960 | D:3      | Found a glowing drain.
  1968 | Sewer    | Entered a sewer
  2957 | Sewer    | Learned a level 4 spell: Passage of Golubria
  2961 | Sewer    | Learned a level 3 spell: Gell's Gravitas
  3014 | Sewer    | Gained mutation: You are agile. (Dex +2) [potion of
                  | mutation]
  3014 | Sewer    | Gained mutation: Your large and strong wings let you fly
                  | indefinitely. [potion of mutation]
  3025 | Sewer    | HP: 2/45 [poisoned by a kobold]
  3282 | Sewer    | Reached XP level 6. HP: 40/51 MP: 10/10
  3787 | Sewer    | Reached skill level 4 in Polearms
  4013 | D:3      | Found a faded altar of an unknown god.
  4068 | D:3      | Noticed Terence
  4085 | D:3      | Killed Terence
  4198 | D:3      | Noticed Natasha
  4214 | D:3      | Killed Natasha
  4596 | D:4      | Found a blossoming altar of Fedhas.
  4704 | D:4      | Noticed Duvessa
  4704 | D:4      | Noticed Dowan
  4844 | D:4      | Killed Duvessa
  4844 | D:4      | Your scales start taking on a golden yellow colour.
  4844 | D:4      | Reached XP level 7. HP: 19/58 MP: 2/11
  4844 | D:4      | Gained mutation: You are resistant to acid. (rCorr) [Yellow
                  | Draconian growth]
  4858 | D:4      | Reached skill level 5 in Translocations
  5103 | D:4      | Killed Dowan
  5481 | D:4      | Reached skill level 5 in Polearms
  6068 | D:5      | Entered Level 5 of the Dungeon
  6087 | D:5      | Reached XP level 8. HP: 66/66 MP: 13/13
  6517 | D:5      | Reached skill level 6 in Polearms
  6641 | D:5      | Found a deep blue altar of Sif Muna.
  6798 | D:6      | Reached skill level 5 in Fighting
  6880 | D:6      | Found an ornate altar of the Wu Jian Council.
  6952 | D:6      | Noticed Eustachio
  6957 | D:6      | Reached XP level 9. HP: 70/74 MP: 15/15
  6966 | D:6      | Killed Eustachio
  7042 | D:6      | Reached * piety under Ashenzari
  7360 | D:6      | Identified the +8 dagger of World's End {flame, rF+ Dex+4}
  7360 | D:6      | Found a staircase to the Ecumenical Temple.
  7371 | Temple   | Entered the Ecumenical Temple
  7446 | D:6      | Found Nugg's Food Shoppe.
  7603 | D:6      | Reached skill level 7 in Polearms
  7830 | D:6      | HP: 3/74 [killer bee (9)]
  7847 | D:6      | HP: 3/74 [poisoned by a killer bee]
  7855 | D:6      | HP: 2/74 [poisoned by a killer bee]
  7863 | D:6      | HP: 2/74 [poisoned by a killer bee]
  8223 | D:7      | Found a shimmering altar of Xom.
  8227 | D:7      | Found a shimmering altar of Xom.
  8228 | D:7      | Found a shimmering altar of Xom.
  8229 | D:7      | Found a shimmering altar of Xom.
  8344 | D:7      | Noticed a fire crab
  8401 | D:7      | Noticed a glowing orange brain
  8425 | D:7      | Noticed a wind drake
  8481 | D:7      | Noticed a wind drake
  8488 | D:7      | Noticed a torpor snail
  8533 | D:7      | Found Idwuklin's Magic Scroll Emporium.
  8540 | D:7      | Bought a scroll of remove curse for 42 gold pieces
  8540 | D:7      | Bought a scroll of teleportation for 42 gold pieces
  8562 | D:7      | Reached skill level 5 in Dodging
  8924 | D:7      | Found Ishroimm's Antique Weapon Shoppe.
  8936 | D:7      | Found a glowing silver altar of Zin.
  9127 | D:8      | Found a staircase to the Lair.
  9308 | D:8      | Reached skill level 5 in Spellcasting
  9595 | D:8      | Reached skill level 8 in Polearms
  9747 | D:8      | Identified the ring "Otynoem" {rPois rN+}
  9758 | D:8      | Reached XP level 10. HP: 64/84 MP: 17/17
 10350 | D:7      | Noticed a swamp dragon
 10537 | D:7      | Noticed a deep troll
 11245 | D:8      | Learned a level 4 spell: Force Lance
 11256 | D:9      | Reached skill level 9 in Polearms
 11646 | D:9      | Found an opulent altar of Gozag.
 11657 | D:9      | Reached ** piety under Ashenzari
 11665 | D:9      | Noticed a two-headed ogre
 11669 | D:9      | Noticed a two-headed ogre
 12180 | D:9      | Found a shadowy altar of Dithmenos.
 12268 | D:9      | Identified the +0 pair of gloves of Tylarick {+Fly rC+++
                  | Str+3 Dex-2}
 12278 | D:9      | Killed a two-headed ogre
 12278 | D:9      | Reached skill level 1 in Conjurations
 12403 | D:8      | Reached skill level 10 in Polearms
 12624 | D:9      | Killed a two-headed ogre
 12624 | D:9      | Reached XP level 11. HP: 78/94 MP: 18/18
 12727 | D:10     | Entered Level 10 of the Dungeon
 13176 | D:10     | Found an iron altar of Okawaru.
 13807 | D:11     | Found a sacrificial altar of Ru.
 13808 | D:11     | Reached *** piety under Ashenzari
 13908 | D:11     | Found a staircase to the Orcish Mines.
 14434 | D:11     | Noticed a six-headed hydra
 14992 | D:11     | Killed a seven-headed hydra
 15407 | D:12     | Reached skill level 11 in Polearms
 15528 | D:12     | Noticed a cyan ugly thing
 15576 | D:12     | Killed a cyan ugly thing
 16001 | D:12     | Noticed a two-headed ogre
 16032 | D:12     | Killed a two-headed ogre
 16096 | D:12     | Reached XP level 12. HP: 95/104 MP: 17/19
 17563 | D:12     | Noticed a two-headed ogre
 17565 | D:12     | Killed a two-headed ogre
 17906 | D:13     | Reached skill level 10 in Translocations
 18120 | D:13     | Reached skill level 5 in Conjurations
 18197 | D:13     | Noticed a two-headed ogre
 18205 | D:13     | Killed a two-headed ogre
 18205 | D:13     | Reached skill level 12 in Polearms
 18339 | D:13     | Noticed a centaur warrior
 18351 | D:13     | Killed a centaur warrior
 18480 | D:13     | Learned a level 4 spell: Iskenderun's Mystic Blast
 18496 | D:13     | Noticed a tengu warrior
 18571 | D:13     | Killed a tengu warrior
 18586 | D:13     | Noticed a tengu warrior
 18852 | D:13     | Killed a tengu warrior
 18867 | D:13     | Found Dythimen's Armour Emporium.
 18894 | D:13     | Reached skill level 10 in Fighting
 18924 | D:13     | Noticed a five-headed hydra
 18937 | D:13     | Killed a five-headed hydra
 19035 | D:13     | Found a gate to the Vaults.
 19108 | D:13     | Noticed a centaur warrior
 19121 | D:13     | Killed a centaur warrior
 19688 | D:14     | Noticed a tengu warrior
 19698 | D:14     | Killed a tengu warrior
 19698 | D:14     | Reached XP level 13. HP: 76/113 MP: 20/20
 20084 | D:14     | Reached skill level 13 in Polearms
 20506 | D:14     | Reached **** piety under Ashenzari
 21792 | D:15     | Entered Level 15 of the Dungeon
 22171 | D:15     | Found a portal to a secret trove of treasure.
 22199 | D:15     | Found Ariut's Weapon Emporium.
 22260 | D:15     | Found Linlok's Antique Armour Shoppe.
 22350 | D:15     | Found Icamuun's Weapon Shoppe.
 22576 | D:15     | Noticed a fire dragon
 23081 | Lair:1   | Entered Level 1 of the Lair of Beasts
 23129 | Lair:1   | Found a gate leading to a gauntlet.
 23137 | Gauntlet | Entered a Gauntlet
 23137 | Gauntlet | Found a transporter.
 23137 | Gauntlet | Found a transporter.
 23138 | Gauntlet | Found a transporter.
 23139 | Gauntlet | Found a transporter.
 23139 | Gauntlet | Found a transporter.
 23142 | Gauntlet | Found a transporter.
 23154 | Gauntlet | Found a runed translucent door.
 23155 | Gauntlet | Found a transporter.
 23156 | Gauntlet | Found a transporter.
 23156 | Gauntlet | Found a transporter.
 23158 | Gauntlet | Found a transporter.
 23166 | Gauntlet | Found a transporter.
 23168 | Gauntlet | Noticed a blizzard demon
 23171 | Gauntlet | Found a transporter.
 23193 | Gauntlet | Noticed a death ooze
 23359 | Gauntlet | Identified a scroll of acquirement
 23408 | Gauntlet | Killed a death ooze
 23952 | Gauntlet | Identified the ring of Hyotzaso {rPois Str+4 Int+3}
 23952 | Gauntlet | Noticed a minotaur
 23962 | Gauntlet | Killed a minotaur
 23978 | Gauntlet | Identified the +2 hand axe of the Pit {freeze, *Rage MR+
                  | Str+6 Int+4}
 23978 | Gauntlet | Identified the +10 spear of Glory {speed, *Drain MR+ Str+4
                  | Int+4}
 24033 | Lair:1   | Reached ***** piety under Ashenzari
 24088 | Lair:1   | Paralysed by a floating eye for 4 turns
 24266 | Lair:1   | Reached skill level 14 in Polearms
 24434 | Lair:1   | Noticed Prince Ribbit
 24440 | Lair:1   | Gained mutation: You have acidic saliva. [Yellow Draconian
                  | growth]
 24440 | Lair:1   | Reached XP level 14. HP: 115/124 MP: 21/21
 24443 | Lair:1   | Killed Prince Ribbit
 25216 | Lair:1   | Paralysed by a floating eye for 3 turns
 25224 | Lair:1   | Paralysed by a floating eye for 4 turns
 25628 | Lair:2   | Identified the +12 spear "Gaxzaam" {pain, +Inv Str+2 Int+3}
 26597 | Lair:3   | Found a staircase to the Swamp.
 26759 | Lair:3   | Reached skill level 10 in Dodging
 26841 | Lair:3   | Identified the +2 quarterstaff of Fixation {flame, rC+
                  | Str+2 Dex+3}
 26863 | Lair:3   | Found a runed translucent door.
 27006 | Lair:3   | Found a staircase to the Snake Pit.
 27752 | Lair:4   | Found a dark tunnel.
 27836 | Volcano  | Entered a volcano
 27966 | Volcano  | Reached skill level 15 in Polearms
 28162 | Lair:4   | Reached ****** piety under Ashenzari
 29322 | Lair:5   | Found a staircase to the Slime Pits.
 29353 | Lair:5   | Reached XP level 15. HP: 101/133 MP: 1/22
 29901 | Lair:6   | Entered Level 6 of the Lair of Beasts
 32521 | Orc:1    | Entered Level 1 of the Orcish Mines
 32521 | Orc:1    | Noticed an orc warlord
 32883 | D:11     | Killed an orc warlord
 33166 | Orc:2    | Entered Level 2 of the Orcish Mines
 33499 | Orc:1    | Paralysed by an ogre mage for 5 turns
 33501 | Orc:1    | HP: 4/134 [two-headed ogre/+0 giant club (16)]
 33502 | Orc:1    | Demolished by a two-headed ogre

Levels and vault maps discovered:
D:1:      co_arrival_square_in_a_square_in_a_square, layout_loops_corners
D:2:      kb_forest_paths, layout_basic, yredelemnul_altar_generic
D:3:      layout_basic, cheibrodos_ashenzari_chains, gup_sewer_entry_spiral,
          chequers_ecumenical_altar_lobes, first_ration, uniq_natasha,
          uniq_terence
D:4:      layout_loops_ring, marbit_many_paths, uniq_duvessa
D:5:      layout_cave_pools, old_standard_altar
D:6:      layout_basic, kennysheep_mini, minmay_temple_entry_antechambers,
          serial_shops, shop, uniq_eustachio
D:7:      layout_rooms, xom_shifter_show, lemuel_round_altar, serial_shops,
          shop, nicolae_shop_trees
D:8:      kennysheep_housing_project, layout_rooms, lair_entry_dummy,
          grunt_ogre_cave, kennysheep_nondescript
D:9:      layout_cave_pools, lemuel_doored_altar, serial_ice, serial_ice_k,
          serial_ice_e, serial_ice_g, serial_ice_a, basic_altar,
          minmay_chambers_of_fives
D:10:     layout_roguey, basic_altar, nrook_pool_corridor, minivault_11
D:11:     layout_loops_ring, zombieorc1_lemuel, basic_altar,
          nicolae_underground_beach
D:12:     layout_basic
D:13:     layout_roguey, erik_vaults_1, serial_shops, shop
D:14:     layout_basic, eino_curves_04, hive_lemuel
D:15:     grunt_enter_depths_hoard, layout_layer_cave, minmay_misc_feat_five,
          nicolae_trove_entry_path_of_doom, basic_altar, serial_shops,
          nicolae_shop_overgrown_old_shop, shop, nicolae_shop_window_shopping,
          grunt_decor_fettered, lemuel_centaur_altar
Temple:   regret_index_temple_generic_petals
Lair:1:   layout_gridlike, gauntlet_entry_generic, disabler_island,
          grunt_megastairs_3, uniq_prince_ribbit2
Lair:2:   layout_chaotic_city, infiniplex_staircase_pool_2
Lair:3:   gammafunk_lair_enchanted_lake, layout_loops_ring,
          minmay_swamp_entry_swarm, dummy_snake_entry
Lair:4:   layout_cave_pods, enter_volcano_3, lemuel_fruit_tree,
          serial_bayou_shore_a
Lair:5:   layout_roguey, minmay_slime_entry_pillars,
          chequers_serial_rivers_room_a
Lair:6:   due_jungle_book, layout_misc_corridors
Orc:1:    layout_caves, nicolae_orc_tapped_out
Orc:2:    st_orc_mages, layout_caves
Sewer:    sewer_minmay_treatment
Volcano:  volcano_pools
Gauntlet: minmay_gauntlet_mixed_big_or_small
          [gammafunk_gauntlet_arena_arrow_garden,
          minmay_gauntlet_arena_77_museum, gammafunk_gauntlet_arena_teeth,
          minmay_gauntlet_arena_77_path, gammafunk_gauntlet_arena_chambers,
          minmay_gauntlet_arena_77_hold_the_fort, gauntlet_exit_green]

Skill      XL: |  1  2  3  4  5  6  7  8  9 10 11 12 13 14 15 |
---------------+----------------------------------------------+-----
Polearms       | 3 4 5 6 8 10 11 12 14 15 | 15.9
Fighting       | 3 4 5 6 7 9 10 11 12 | 12.7
Translocations | 4 5 6 7 8 9 10 11 12 | 12.6
Dodging        | 3 4 5 6 7 8 9 10 11 | 11.0
Spellcasting   | 3 4 5 |  5.0
Conjurations   | 1 4 6 7 9 |  9.7
Throwing       | |  0.8

Action                   |  1- 3 |  4- 6 |  7- 9 | 10-12 | 13-15 || total
-------------------------+-------+-------+-------+-------+-------++-------
Melee: Spear             |   152 |   393 |    19 |       |       ||   564
       Tailslap          |    14 |    31 |    29 |    65 |   158 ||   297
       Halberd           |       |       |   336 |   791 |   219 ||  1346
       Glaive            |       |       |       |       |   859 ||   859
       Bite              |       |       |       |       |    90 ||    90
Throw: Tomahawk          |       |     7 |       |     1 |       ||     8
 Cast: Blink             |       |     7 |     3 |    15 |     5 ||    30
       Force Lance       |       |       |       |    20 |    46 ||    66
Invok: Curse Item        |       |     1 |     3 |     2 |     1 ||     7
 Abil: Fly               |       |     1 |       |       |       ||     1
       Breathe Acid      |       |       |    11 |    53 |    52 ||   116
Evoke: Wand              |       |       |     1 |     5 |     5 ||    11
  Use: Scroll            |     7 |     5 |     6 |    11 |    11 ||    40
       Potion            |       |    12 |     5 |       |     6 ||    23
 Stab: Sleeping          |     2 |     3 |     2 |     6 |     2 ||    15
       Distracted        |       |       |       |     1 |       ||     1
  Eat: Chunk             |     2 |     8 |    15 |    29 |    44 ||    98
       Ration            |       |     1 |     1 |     5 |     5 ||    12
Armor: Skin              |    37 |    84 |   103 |   128 |   173 ||   525
Dodge: Dodged            |    70 |   207 |   268 |   507 |   760 ||  1812

Table legend:
 A = Non-vault XP
 B = Vault XP
 C = Vault XP percentage of total XP
 D = Non-vault monster count
 E = Vault monster count
 F = Vault count percentage of total count
                 A         B        C        D         E       F
            +---------+---------+-------+---------+---------+-------
      Total |  100545 |   31531 |  23.9 |     541 |     201 |  27.1
            +---------+---------+-------+---------+---------+-------
        D:1 |      24 |       0 |   0.0 |      12 |       0 |   0.0
        D:2 |      40 |      25 |  38.5 |      15 |       6 |  28.6
        D:3 |     125 |      93 |  42.7 |      17 |       7 |  29.2
        D:4 |     554 |     211 |  27.6 |      30 |       2 |   6.2
        D:5 |     889 |       0 |   0.0 |      20 |       0 |   0.0
        D:6 |    1036 |     188 |  15.4 |      19 |       1 |   5.0
        D:7 |     627 |     125 |  16.6 |      12 |       1 |   7.7
        D:8 |    1852 |    1737 |  48.4 |      32 |      33 |  50.8
        D:9 |    1875 |    1662 |  47.0 |      19 |      10 |  34.5
       D:10 |    1496 |     202 |  11.9 |      28 |       1 |   3.4
       D:11 |    6034 |    1338 |  18.1 |      39 |      32 |  45.1
       D:12 |    9326 |       0 |   0.0 |      38 |       0 |   0.0
       D:13 |   11639 |    1808 |  13.4 |      44 |       2 |   4.3
       D:14 |   12672 |       0 |   0.0 |      43 |       0 |   0.0
       D:15 |    3104 |     331 |   9.6 |       9 |       1 |  10.0
     Lair:1 |    5340 |    3349 |  38.5 |      17 |      10 |  37.0
     Lair:2 |    2953 |       0 |   0.0 |       9 |       0 |   0.0
     Lair:3 |    5791 |    6158 |  51.5 |      21 |      15 |  41.7
     Lair:4 |    8301 |     296 |   3.4 |      26 |       2 |   7.1
     Lair:5 |   10611 |     567 |   5.1 |      39 |       2 |   4.9
     Lair:6 |   14531 |    2827 |  16.3 |      28 |       5 |  15.2
      Orc:1 |    1564 |      40 |   2.5 |      23 |       1 |   4.2
      Orc:2 |     161 |     255 |  61.3 |       1 |       6 |  85.7
      Sewer |       0 |     318 | 100.0 |       0 |      48 | 100.0
    Volcano |       0 |    5764 | 100.0 |       0 |       6 | 100.0
   Gauntlet |       0 |    4237 | 100.0 |       0 |      10 | 100.0
            +---------+---------+-------+---------+---------+-------
